 Dungeon Crawl Stone Soup version 0.16-a0-1132-gad589c6 (webtiles) character file.

63 MackTheKnife the Grave Robber (level 3, 0/24 HPs)
             Began as a Mummy Necromancer on Oct 7, 2014.
             Killed from afar by Terence (8 damage)
             ... with a wand of magic darts
             ... on level 3 of the Dungeon.
             The game lasted 00:05:41 (2382 turns).

MackTheKnife the Grave Robber (Mummy Necromancer)   Turns: 2382, Time: 00:05:42

Health: 0/24       AC:  3    Str: 11    XL:     3   Next: 87%
Magic:  2/6        EV: 12    Int: 15    God:
Gold:   221        SH:  0    Dex: 12    Spells: 3 memorised, 1 level left

rFire  x . .     SeeInvis .     f - -2 dagger (curse)
rCold  + . .     Clarity  .     a - +0 robe
rNeg   + + +     SustAb   .     (no shield)
rPois  +         Gourm    .     (no helmet)
rElec  .         Spirit   .     (no cloak)
rCorr  .         Warding  .     c - +0 pair of gloves
rMut   .         Stasis   .     (no boots)
MR     .....                    (no amulet)
Stlth  +++.......               (no ring)
                                e - ring of stealth

@: not resistant to hostile enchantments, fairly stealthy
A: no food or potions, fire vulnerability, restore body, cold resistance 1,
negative energy resistance 3, poison resistance, torment resistance, unbreathing
a: no special abilities


You were on level 3 of the Dungeon.
You were not hungry.

You visited 1 branch of the dungeon, and saw 3 of its levels.

You collected 221 gold pieces.


Innate Abilities, Weirdness & Mutations

You do not eat or drink.
Your flesh is vulnerable to fire.
Your flesh is cold resistant.
You are immune to negative energy.
Your system is resistant to poisons.
You are immune to unholy pain and torment.
You can survive without breathing.


   Skills:
 - Level 1.5 Dodging
 - Level 1.5 Stealth
 - Level 2.0 Spellcasting
 + Level 5.5 Necromancy


You had one spell level left.
You knew the following spells:

 Your Spells              Type           Power        Failure   Level  Hunger
r - Animate Skeleton      Necr           N/A          1%          1    N/A
x - Vampiric Draining     Necr           ###.......   10%         3    N/A
z - Pain                  Necr           ###.         1%          1    N/A

Inventory:

Hand weapons
 f - a cursed -2 dagger (weapon)
Missiles
 h - 15 stones (quivered)
Armour
 a - a +0 robe (worn)
 c - a +0 pair of gloves (worn)
Scrolls
 d - a scroll of blinking
 g - a scroll of identify
 i - a scroll of teleportation
Jewellery
 e - a ring of stealth (left hand)
Books
 b - a book of Necromancy

   Spells                             Type                      Level
   *Pain                              Necromancy                   1
   *Animate Skeleton                  Necromancy                   1
   *Vampiric Draining                 Necromancy                   3
   Regeneration                       Charms/Necromancy            3
   Animate Dead                       Necromancy                   4
   Control Undead                     Necromancy                   4

·♣
♣♣P♣P··%······P♣··
♣·♣P··P·····P♣P··♣
♣P·♣♣········♣P··♣
♣
♣···P♣♣♣P······♣·♣♣
·♣
··P···P♣♣♣···P♣·♣
♣·♣
·········♣P··PP♣P♣
·♣··
·········Z·PP·P♣· ·
·
##······@PZ♣·♣·♣♣·
#P≈♣≈♣·≈·M··♣♣♣♣ ♣·
♣≈≈≈≈·≈·≈···♣
##♣≈≈♣≈≈♣♣····♣
≈··≈·≈≈≈ ♣≈♣···
≈♣≈≈≈≈≈# ·····
≈♣≈≈♣P≈ ·♣··
♣≈♣≈≈#≈ ♣·· · ·[· ·


You could see Terence, a friendly adder skeleton and a friendly jackal skeleton.


Message History

Unknown command.
You hit the goblin.
The goblin is moderately wounded.
Your jackal skeleton bites the goblin.
The goblin barely misses you.
Terence hits your jackal skeleton with a falchion.
You barely miss the goblin.
The goblin is heavily wounded.
Your adder skeleton bites the plant.
Terence hits your jackal skeleton with a falchion.
You hit the goblin.
You kill the goblin!
Terence hits you with a falchion.
You see here a club.
Aiming: Pain
Aim: Terence, wielding a falchion and wearing a scale mail Terence convulses in agony!
Terence zaps a wand.
The magic dart hits you!
It is a wand of magic darts.
Aiming: Pain
Aim: Terence, wielding a falchion, wearing a scale mail and carrying a wand of magic darts {zapped: 1} (lightly wounded) Terence convulses in agony!
Terence hits you with a falchion.
* * * LOW HITPOINT WARNING * * *
Your jackal skeleton bites Terence.
Aiming: Pain
Aim: Terence, wielding a falchion, wearing a scale mail and carrying a wand of magic darts {zapped: 1} (heavily wounded) Terence convulses in agony!
Terence drinks a potion.
Terence is healed!
Unknown command.
Aiming: Pain
Aim: Terence, wielding a falchion, wearing a scale mail and carrying a wand of magic darts {zapped: 1} (heavily wounded) Terence convulses in agony!
Terence zaps a wand.
The magic dart hits you!
You die...

Action                   || total
-------------------------++-------
Melee: Dagger            ||   153
 Cast: Pain              ||    57
       Animate Skeleton  ||    13
  Use: Scroll            ||     5
 Stab: Sleeping          ||     3
       Distracted        ||     1

Vault maps used:
D:1:      shiori_arrival_oz
D:2:      hangedman_abyss_or_decor_lesser_grid, kennysheep_generic_room_16
D:3:      wad_woods_pond, old_standard_altar, uniq_sigmund, uniq_terence

Notes
Turn   | Place    | Note
--------------------------------------------------------------
     0 | D:1      | MackTheKnife, the Mummy Necromancer, began the quest for the Orb.
     0 | D:1      | Reached XP level 1. HP: 13/13 MP: 3/3
   480 | D:1      | Reached XP level 2. HP: 19/19 MP: 0/4
   551 | D:1      | Learned a level 1 spell: Animate Skeleton
  1291 | D:2      | Reached skill level 5 in Necromancy
  1291 | D:2      | Reached XP level 3. HP: 17/24 MP: 1/6
  1368 | D:2      | Learned a level 3 spell: Vampiric Draining
  2339 | D:3      | Noticed Terence
  2382 | D:3      | Killed from afar by Terence

Vanquished Creatures
  An adder (D:3)
  A worm (D:2)
  3 giant cockroaches
  8 hobgoblins
  6 jackals
  4 bats
  A giant gecko (D:1)
  A giant newt (D:1)
  4 goblins
  5 kobolds
  6 rats
40 creatures vanquished.

Vanquished Creatures (collateral kills)
  A hobgoblin (D:2)
  A jackal (D:2)
  A kobold (D:2)
  3 bats
  A giant newt (D:2)
  A rat (D:1)
8 creatures vanquished.

Vanquished Creatures (others)
  A bat skeleton (D:2)
  A giant newt skeleton (D:2)
  3 hobgoblin skeletons (D:2)
  A kobold skeleton (D:2)
  A rat skeleton (D:2)
7 creatures vanquished.

Grand Total: 55 creatures vanquished
